 Seeded DCSS version 0.28-a0-1510-gd0f6b136d3 (webtiles) character file.

Game seed: 109748656044462473 (custom seed)

100 riojii the Insei (level 4, -1/36 HPs)
             Began as a Draconian Transmuter on Jan 14, 2022.
             Slain by an orc (7 damage)
             ... on level 3 of the Dungeon.
             The game lasted 00:05:20 (2721 turns).

riojii the Insei (Draconian Transmuter)             Turns: 2721, Time: 00:05:20

Health: -1/36      AC: 10    Str: 12    XL:     4   Next: 46%
Magic:  7/7        EV: 12    Int: 13    God:
Gold:   51         SH:  0    Dex: 14    Spells: 3/7 levels left

rFire   + . .      SeeInvis .     - Unarmed
rCold   . . .      Faith    .   (no shield)
rNeg    . . .      Spirit   .   (armour unavailable)
rPois   .          Reflect  .   (helmet restricted)
rElec   .          Harm     .   (no cloak)
rCorr   .          Rampage  .   g - +0 pair of gloves
Will    .....                   (no boots)
Stlth   +.........              (no amulet)
HPRegen 0.12/turn               b - +4 ring of protection
MPRegen 0.10/turn               d - ring of protection from fire

@: no status effects
A: AC +5, unfitting armour, cold-blooded
a: no special abilities


You were on level 3 of the Dungeon.
You visited 1 branch of the dungeon, and saw 3 of its levels.

You collected 51 gold pieces.

Inventory:

Armour
 g - a +0 pair of gloves (worn)
Jewellery
 b - a +4 ring of protection (left hand)
 d - a ring of protection from fire (right hand)
Scrolls
 a - a scroll of teleportation
Potions
 c - a potion of invisibility {unknown}
 e - a potion of heal wounds {unknown}
 f - a potion of degeneration {unknown}
 h - a potion of lignification {unknown}


   Skills:
 + Level 2.2 Fighting
 + Level 2.3 Dodging
 * Level 3.8 Unarmed Combat
 - Level 2.0 Spellcasting
 * Level 3.1 Transmutations


You had 3 spell levels left.
You knew the following spells:

 Your Spells              Type           Power      Damage    Failure   Level
a - Beastly Appendage     Tmut           18%        N/A       7%          1
b - Spider Form           Tmut/Pois      5%         N/A       36%         3

Your spell library contained the following spells:

 Spells                   Type           Power      Damage    Failure   Level
 Wereblood                Tmut           9%         N/A       11%         2
 Ice Form                 Ice/Tmut       5%         N/A       78%         4


Dungeon Overview and Level Annotations

Branches:
Dungeon (3/15)

Altars:

Annotations:
D:3 1 transporter


Innate Abilities, Weirdness & Mutations

Your plain brown scales are hard. (AC +5)
You cannot fit into any form of body armour.
You are cold-blooded and may be slowed by cold attacks.


Message History

You punch the orc.
The orc is almost dead.
The orc barely misses you. The orc misses you.
You closely miss the orc. You claw the orc, but do no damage.
You headbutt the orc, but do no damage.
The orc is almost dead.
The orc hits you but does no damage. The orc hits you with a +0 flail.
You hit the orc. You tail-slap the orc.
The orc is almost dead.
The orc completely misses you.
You closely miss the orc. You headbutt the orc.
You kill the orc!
Your horns disappear.
Your talons disappear.
You punch the frilled lizard!
You kill the frilled lizard!
You hear some strange, mumbled words.
You are confused.
You are too injured to fight recklessly!
You are too injured to fight recklessly!
You're too confused to cast spells.
Sorry, you're not good enough to have a special ability.
The orc hits you with a +0 flail.
* * * LOW HITPOINT WARNING * * *
Something hits you.
* * * LOW HITPOINT WARNING * * *
Items here: )) †††.
You completely miss something. The orc completely misses you.
Something hits you.
* * * LOW HITPOINT WARNING * * *
You closely miss the orc.
The orc is severely wounded.
The orc hits you but does no damage.
You're too confused to cast spells.
Sorry, you're not good enough to have a special ability.
You bump into the rock wall.
The orc closely misses you.
You barely miss the orc.
The orc is severely wounded.
You feel less confused. The orc hits you with a +0 flail!
You die...

#...†..#..# ###..####.#
##.## #.## #..# #..#
....... ##.# ##.# .......
#.# #.##....... #.#
#..#....... #.#
##.#....... #.#
#@#....... ##.#
#o#....... #..#
#{........ ##..#
##.......©
###)..######........
######.........##......(.
........)......##........
#..............##........
#........########........


You could see an orc.

Vanquished Creatures
  4 adders
  2 orcs (D:3)
  7 giant cockroaches
  6 hobgoblins
  4 jackals (D:1)
  6 quokkas
  3 ball pythons
  A bat (D:2)
  2 frilled lizards
  7 goblins
  11 kobolds
  6 rats
59 creatures vanquished.

Notes
Turn   | Place    | Note
-------+----------+-------------------------------------------
     0 | D:1      | riojii the Draconian Transmuter began the quest for the
                  | Orb.
     0 | D:1      | Reached XP level 1. HP: 16/16 MP: 3/3
   286 | D:1      | Reached XP level 2. HP: 3/23 MP: 5/5
  1363 | D:2      | Reached XP level 3. HP: 29/29 MP: 4/6
  1842 | D:2      | Found a faded altar of an unknown god.
  2189 | D:2      | Reached XP level 4. HP: 25/36 MP: 7/7
  2409 | D:2      | Learned a level 3 spell: Spider Form
  2689 | D:3      | Found a transporter.
  2721 | D:3      | Slain by an orc

Illustrated notes

Levels and vault maps discovered:
D:1:      sevenhm_arrival_forest_fort_small_6, layout_basic
D:2:      layout_basic, hellmonk_ecumenical_altar_pennies_from_heaven,
          corexii_item_surrounded_by_moat
D:3:      layout_basic, serial_shops, shop_statue,
          gammafunk_ghost_abyssal_escape, grunt_decor_junction,
          minmay_randomly_rotated_circles, uniq_natasha

Skill      XL: |  1  2  3 |
---------------+----------+-----
Dodging        | 2 |  2.3
Fighting       | 2 |  2.2
Transmutations | 3 |  3.1
Unarmed Combat | |  3.8
Spellcasting   | |  2.0

Action                   |  1- 3 |  4- 6 || total
-------------------------+-------+-------++-------
Melee: Unarmed           |   131 |    44 ||   175
       Kick              |    18 |    11 ||    29
       Headbutt          |    10 |     8 ||    18
       Tailslap          |     8 |     6 ||    14
       Punch             |     3 |     1 ||     4
 Cast: Beastly Appendage |    29 |     9 ||    38
  Use: Scroll            |     2 |     2 ||     4
Armor: Skin              |    49 |    16 ||    65
Dodge: Dodged            |    77 |    24 ||   101

Table legend: (Time is in decaauts)
 A = Elapsed time spent in this place.
 B = Non-inter-level travel time spent in this place.
 C = Inter-level travel time spent in this place.
 D = Time resting spent in this place.
 E = Time spent auto-exploring this place.
 F = Levels seen in this place.
 G = Mean time per level.
                   A        B        C        D        E       F      G
               +--------+--------+--------+--------+--------+-----+--------+
         Total |   2709 |   2663 |     46 |      4 |   2236 |   3 |  903.0 |
       Dungeon |   2709 |   2663 |     46 |      4 |   2236 |   3 |  903.0 |
               +--------+--------+--------+--------+--------+-----+--------+

Top non-repeatable levels by time:
     D:1: 1343 daAuts
     D:2: 1082 daAuts
     D:3: 284 daAuts
